 Dungeon Crawl Stone Soup version 0.21-a0-513-gdcb3f5e (webtiles) character file.

612499 Megalobster the Ruinous (level 26, 0/161 HPs)
             Began as a Deep Elf Conjurer on Nov 29, 2017.
             Was the Champion of Vehumet.
             Slain by an Orb Guardian (10 damage)
             ... on level 5 of the Realm of Zot on Dec 1, 2017.
             The game lasted 11:03:11 (120378 turns).

Megalobster the Ruinous (Deep Elf Conjurer)       Turns: 120378, Time: 11:03:13

Health: 0/161      AC: 20    Str: 10      XL:     26   Next: 80%
Magic:  12/45      EV: 26    Int: 31      God:    Vehumet [******]
Gold:   2890       SH: 10    Dex: 13 (14) Spells: 3/66 levels left

rFire    + + +     SeeInvis +   a - +0 mace of the Queen {crush, rC++ Str+4}
rCold    + + +     Gourm    +   f - +3 buckler {reflect}
rNeg     + . .     Faith    .   r - +3 robe of Mituunt {rC+ SInv}
rPois    +         Spirit   .   W - +2 helmet
rElec    +         Reflect  +   n - +3 cloak of Experimentation {+Fly rPois rF+++ Slay-3}
rCorr    .         Harm     .   S - +2 pair of gloves
MR       ++++.                  B - +2 pair of boots {Fly}
Stlth    +++.......             s - amulet of the gourmand
HPRegen  0.36/turn              J - ring "Nadew" {rElec rF- rN+ MR+ SInv}
MPRegen  0.29/turn              T - ring "Etsigalu" {Wiz rPois MR+ Int+4 Dex-4}

@: about to teleport
A: blurry vision 1, deformed body, deterioration 1, dopey 1, fire resistance 1,
low mp 1, screaming 1, subdued magic 1, sturdy frame 2
}: 3/15 runes: serpentine, barnacled, slimy
a: Renounce Religion, Evoke Flight


You were on level 5 of the Realm of Zot.
You worshipped Vehumet.
Vehumet was exalted by your worship.
You were not hungry.

You visited 11 branches of the dungeon, and saw 54 of its levels.
You visited 1 bazaar.
You also visited: Volcano.

You collected 6522 gold pieces.
You spent 3632 gold pieces at shops.

Inventory:

Hand Weapons
 a - the +0 mace of the Queen (weapon) {crush, rC++ Str+4}
   (You took it off a deep elf annihilator on level 3 of the Elven Halls)

   It inflicts extra damage upon your enemies.
   It affects your strength (+4).
   It greatly protects you from cold.
 b - the +7 dagger of Midwinter {elec, rN+ Int+4 Dex+2 Stlth+}
   (You found it on level 2 of the Lair of Beasts)

   Occasionally, upon striking a foe, it will discharge some electrical energy
   and cause terrible harm.
   It affects your intelligence (+4).
   It affects your dexterity (+2).
   It protects you from negative energy.
   It makes you more stealthy.
Armour
 f - a +3 buckler of reflection (worn)
 n - the +3 cloak of Experimentation (worn) {+Fly rPois rF+++ Slay-3}
   (You bought it in a shop on level 4 of the Snake Pit)

   It affects your accuracy and damage with ranged weapons and melee attacks
   (-3).
   It renders you almost immune to fire.
   It protects you from poison.
   It lets you fly.
 r - the +3 robe of Mituunt (worn) {rC+ SInv}
   (You took it off a deep elf sorcerer on level 3 of the Elven Halls)

   It protects you from cold.
   It lets you see invisible.
 B - a +2 pair of boots of flying (worn)
 S - a +2 pair of gloves (worn)
 W - a +2 helmet (worn)
Jewellery
 p - the ring "Nuraczag" {rC- rN+++ MR+ Dex+4}
   (You took it off a deep elf annihilator on level 3 of the Elven Halls)

   [ring of protection from magic]

   It affects your dexterity (+4).
   It makes you vulnerable to cold.
   It renders you almost immune to negative energy.
   It affects your resistance to hostile enchantments.
 s - an amulet of the gourmand (around neck)
 E - the ring of Yssa {rCorr rN+ SInv}
   (You took it off a deep elf high priest on level 3 of the Elven Halls)

   [ring of resist corrosion]

   It protects you from negative energy.
   It lets you see invisible.
 J - the ring "Nadew" (left hand) {rElec rF- rN+ MR+ SInv}
   (You found it on level 1 of the Realm of Zot)

   [ring of protection from magic]

   It makes you vulnerable to fire.
   It insulates you from electricity.
   It protects you from negative energy.
   It affects your resistance to hostile enchantments.
   It lets you see invisible.
 T - the ring "Etsigalu" (right hand) {Wiz rPois MR+ Int+4 Dex-4}
   (You found it on level 5 of the Pits of Slime)

   [ring of wizardry]

   It improves your spell success rate.
   It affects your intelligence (+4).
   It affects your dexterity (-4).
   It protects you from poison.
   It affects your resistance to hostile enchantments.
Wands
 w - a wand of clouds (14)
 R - a wand of digging (27)
 Y - a wand of disintegration (26)
 Z - a wand of iceblast (31)
Scrolls
 c - 7 scrolls of identify
 d - a scroll of silence
 h - 7 scrolls of immolation
 o - 5 scrolls of blinking
 t - 16 scrolls of teleportation
 x - 15 scrolls of remove curse
 y - 6 scrolls of fear
 L - 12 scrolls of fog
 N - 2 scrolls of holy word
Potions
 e - 14 potions of curing
 g - 3 potions of flight
 i - a potion of invisibility
 m - 7 potions of heal wounds
 A - 3 potions of ambrosia
 C - 8 potions of lignification
 G - 3 potions of haste
 H - a potion of agility
 K - 6 potions of resistance
 O - 3 potions of cancellation
Miscellaneous
 j - 2 phantom mirrors
 F - a lamp of fire
 U - a fan of gales
 X - a phial of floods
Comestibles
 q - 11 fruits
 u - 8 bread rations
 z - 4 meat rations
 I - 5 royal jellies


   Skills:
 + Level 15.3 Fighting
 + Level 11.2 Armour
 * Level 21.5 Dodging
 - Level 5.3 Stealth
 + Level 14.0 Shields
 + Level 20.9 Spellcasting
 * Level 22.9 Conjurations
 - Level 4.3 Hexes
 - Level 5.5 Translocations
 * Level 21.9 Fire Magic
 + Level 12.9 Earth Magic
 - Level 7.1 Evocations


You had 3 spell levels left.
You knew the following spells:

 Your Spells              Type           Power        Failure   Level  Hunger
a - Bolt of Fire          Conj/Fire      #######...   0%          6    None
b - Orb of Destruction    Conj           #######...   1%          7    ##.....
c - Ignition              Fire           #######...   1%          8    #####..
d - Lehudib's Crystal Sp  Conj/Erth      #######...   1%          8    #####..
e - Force Lance           Conj/Tloc      #######.     0%          4    None
f - Fire Storm            Conj/Fire      #######...   1%          9    ######.
g - Iron Shot             Conj/Erth      #######...   1%          6    None
h - Fireball              Conj/Fire      #######...   0%          5    None
i - Summon Butterflies    Summ           ###.....     1%          1    None
j - Cause Fear            Hex            #####.....   1%          4    None
k - Conjure Flame         Conj/Fire      #######.     0%          3    None
l - Blink                 Tloc           N/A          1%          2    None


Dungeon Overview and Level Annotations

Branches:
Dungeon (15/15)            Temple (1/1) D:4            Lair (6/6) D:9
 Shoals (4/4) Lair:4        Snake (4/4) Lair:4        Slime (5/5) Lair:6
    Orc (2/2) D:9             Elf (3/3) Orc:2        Vaults (4/5) D:13
  Crypt (0/3) Vaults:2     Depths (5/5) D:15            Zot (5/5) Depths:5

Altars:
Cheibriados
Dithmenos
Fedhas
Gozag
Kikubaaqudgha
Makhleb
Nemelex Xobeh
Okawaru
Qazlal
Sif Muna
Trog
Vehumet
Xom
Zin
Jiyva
Lugonu

Shops:
Orc:2 [:!}*   Snake:4 ?[*[?[!   Vaults:1 ((   Vaults:4 (

Portals:
Hell: Depths:1 Depths:2 Depths:3 Depths:4 Depths:5
Abyss: Depths:2 Depths:3 Depths:4
Pandemonium: Depths:3 Depths:4
Ziggurat: Depths:3

Annotations:
D:3 darxusza's ghost, amateur MiFi
D:7 Laiders's ghost, novice GnWn
Depths:4 3 runed doors
Depths:5 5 runed doors


Innate Abilities, Weirdness & Mutations

Scrolls take you a little longer to read.
Armour fits poorly on your strangely shaped body.
Your body sometimes deteriorates upon taking damage.
You are dopey. (Int -2)
Your flesh is heat resistant. (rF+)
Your magical capacity is low. (-10% MP)
You occasionally shout uncontrollably at your foes.
Your spells are a little easier to cast, but a little less powerful.
Your movements are less encumbered by armour. (ER -4)


Message History

The Orb Guardian completely misses you.
The orb of fire glows deep purple.
The bolt of fire hits you! You resist.
* * * LOW HITPOINT WARNING * * *
The orb of fire emits a lurid red light.
The bolt of fire hits you! You resist.
* * * LOW HITPOINT WARNING * * *
The orb of fire glows deep purple.
The bolt of fire hits you! You resist.
* * * LOW HITPOINT WARNING * * *
The Orb Guardian hits you!
* * * LOW HITPOINT WARNING * * *
You feel less invigorated.
You feel less confused.
The orb of fire glows red.
The bolt of fire misses the orb of fire.
The bolt of fire hits you! You resist.
* * * LOW HITPOINT WARNING * * *
The Orb Guardian hits you!
You die...

,,,,,,,,,,,,,,,,***,,.###########
,,,,,,,,,,,,,,,**,,,,** *
,,,,,,,,,,,,,,,,,,,***
*,,,,,***▓▓▓#▓▓*****
,,,,,,,,,......▓▓▓▓
,,,,,,,,,......(..▓##
,,,,,,,,,.(.........##
,,,,,,,,,............# *********
,,,,,,,,,.......@X...▓**,,,,,,,**
,,,,,,,,,......X*....▓*,,,,,,,,,*
,,,,,,,,,.....$**.XXX▓,,,,,,,,,,,
,,,,,,,,,........^.......,,,,,,,,
,,,,,,,,,............▓...,,,,,,,,
,,,,,,,,,............▓*..,,,,,,,*
,,,,,,,,,............▓**.,,,,,,**
,,,,,,,,,............▓ *********
,,,,,,,,,,..........▓▓


You could see 3 orbs of fire and 5 Orb Guardians.

Vanquished Creatures
  the Royal Jelly (Slime:5)
  3 orbs of fire
  4 ancient liches
  A juggernaut (Depths:5)
  Sojobo (Depths:3)
  A Killer Klown (Zot:3)
  A caustic shrike (Depths:3)
  2 curse toes (Zot:4)
  5 golden dragons
  A bone dragon (Depths:5)
  3 electric golems
  A Brimstone Fiend (Depths:4)
  Rupert (D:13)
  15 tentacled monstrosities
  An Ice Fiend (Depths:4)
  Asterion (Elf:2)
  2 liches (Depths:3)
  3 deep elf blademasters (Elf:3)
  6 Orb Guardians (Zot:5)
  9 quicksilver dragons
  28 acid blobs
  A deep elf master archer (Elf:3)
  Polyphemus (Shoals:2)
  9 death cobs
  4 sphinxes
  A kraken (Shoals:3)
  5 tengu reavers
  6 storm dragons
  10 shadow dragons
  5 nagarajas (Snake:4)
  Donald (Orc:2)
  Roxanne (Shoals:3)
  Ilsuiw (Shoals:4)
  4 draconian monks
  6 frost giants
  14 fire giants
  18 azure jellies
  7 deep elf sorcerers
  The ghost of tof the Fencer, a journeyman MiMo of Hepliaklqana (Orc:2)
  5 vault wardens
  2 ghost moths
  12 draconian scorchers
  8 draconian knights
  2 balrugs (Depths:4)
  4 iron dragons (Depths:1)
  7 ironheart preservers
  2 deep elf elementalists (Elf:3)
  The ghost of Daviar the Fighter, a journeyman NaTm of Cheibriados (Lair:6)
  9 draconian shifters
  3 spriggan defenders
  A ghoul (Vaults:2)
  14 stone giants
  9 draconian annihilators
  8 very ugly things
  3 draconian stormcallers
  A war gargoyle (Vaults:1)
  4 vampire knights
  3 entropy weavers
  18 black draconians
  4 deep elf demonologists (Elf:3)
  11 purple draconians
  10 red draconians
  8 yellow draconians
  12 green draconians
  7 deep elf annihilators
  8 deep elf death magi
  16 white draconians
  7 merfolk javelineers
  6 spark wasps
  6 death oozes (Slime:5)
  12 ettins
  Erolcha (Orc:1)
  4 deep elf high priests (Elf:3)
  2 blizzard demons (Depths:4)
  Fannar (D:11)
  12 merfolk impalers
  9 fire dragons
  13 yaktaur captains
  7 vault guards
  7 ice dragons
  8 hydras
  Harold (D:11)
  15 great orbs of eyes
  5 spriggan air magi
  8 rakshasas
  11 naga warriors
  6 centaur warriors
  3 catoblepae
  2 anacondas
  A catoblepas (shapeshifter) (Elf:1)
  2 merfolk avatars (Shoals:1)
  2 alligator snapping turtles
  A death knight (Vaults:1)
  11 ogre magi
  2 satyrs
  8 deep troll shamans
  31 two-headed ogres
  5 merfolk aquamancers
  A vampire mage (Depths:3)
  6 death yaks
  3 tengu warriors
  12 deep troll earth magi
  An orc high priest (Orc:2)
  The ghost of zero the Geomancer, a journeyman GrEE of Vehumet (Lair:1)
  9 naga sharpshooters
  29 dancing weapons
  9 shock serpents
  5 spriggan berserkers
  23 deep elf knights
  A soul eater (Depths:1)
  Nergalle (D:11)
  6 sun demons
  10 skeletal warriors (Vaults:2)
  3 unseen horrors
  A sixfirhy (Depths:2)
  2 salamander mystics
  3 iron trolls
  10 sea snakes
  An unseen horror (shapeshifter) (Depths:3)
  12 deep elf archers
  A shadow wraith (Vaults:1)
  A flayed ghost (Vaults:3)
  8 glowing orange brains
  29 deep trolls
  6 wizards
  A storm dragon skeleton (Vaults:3)
  6 naga ritualists (Snake:4)
  Pikel (D:7)
  8 ironbrand convokers
  A harpy (shapeshifter) (Vaults:4)
  3 necromancers
  20 harpies
  3 phantasmal warriors
  5 mana vipers
  6 orc knights
  4 oklob plants (Lair:3)
  4 orc sorcerers (Orc:2)
  65 deep elf magi
  5 cyclopes
  10 shining eyes
  A wolf spider zombie (D:15)
  17 ugly things
  A sphinx skeleton (Vaults:2)
  A human zombie (Vaults:3)
  2 tengu skeletons (Vaults:2)
  A manticore (shapeshifter) (D:13)
  14 manticores
  4 wolf spiders
  10 fauns
  30 moths of wrath
  8 salamanders
  A black mamba (shapeshifter) (Vaults:4)
  7 water nymphs
  13 merfolk sirens
  A guardian serpent (Snake:3)
  6 eyes of devastation
  5 rust devils
  25 naga magi
  A molten gargoyle (Depths:2)
  A guardian serpent (shapeshifter) (D:11)
  14 elephants
  7 vault sentinels
  23 black mambas
  Joseph (D:7)
  A fire giant skeleton (Vaults:2)
  2 gargoyles
  A hellion (Depths:3)
  6 rime drakes
  11 spiny frogs
  2 centaur skeletons
  6 komodo dragons
  A kobold demonologist (D:11)
  5 freezing wraiths
  A tengu conjurer (Depths:1)
  An efreet (Volcano)
  A komodo dragon (shapeshifter) (Depths:1)
  8 ice devils
  23 yaktaurs
  2 red devils
  26 merfolk
  5 trolls
  2 jumping spiders (Vaults:4)
  3 meliai (D:15)
  11 wind drakes
  10 hornets
  A polar bear (Lair:6)
  99 slime creatures
  3 wind drakes (shapeshifter)
  2 hippogriffs (shapeshifter)
  Prince Ribbit (D:5)
  21 blink frogs
  17 hippogriffs
  A snapping turtle (shapeshifter) (Depths:5)
  4 large abominations (Elf:1)
  2 meliai zombies
  A shadow (D:15)
  9 dream sheep
  10 snapping turtles
  A redback (shapeshifter) (Vaults:1)
  22 water elementals
  6 spriggans
  2 wraiths
  2 redbacks (Vaults:4)
  A ynoxinul (Depths:3)
  4 air elementals
  A tarantella (shapeshifter) (Depths:4)
  A tarantella (Vaults:4)
  4 wyverns
  5 golden eyes
  A vampire (D:13)
  An ettin skeleton (Vaults:3)
  47 yaks
  8 fire elementals
  4 basilisks
  A human (shapeshifter) (Elf:1)
  2 steam dragons (Shoals:4)
  A yaktaur simulacrum (Vaults:2)
  Menkaure (D:4)
  2 hungry ghosts
  37 nagas
  Edmund (D:5)
  A warg (Vaults:1)
  2 acid dragons
  3 hell hounds
  9 porcupines
  27 water moccasins
  2 floating eyes
  24 orc warriors
  A meliai simulacrum (D:14)
  2 ice beasts
  3 necrophages
  A black bear (shapeshifter) (Vaults:3)
  4 phantoms
  3 sky beasts
  3 slaves
  6 black bears
  16 ogres
  11 eyes of draining
  29 boggarts
  6 wolves (Lair:6)
  10 crocodiles
  17 centaurs
  7 big kobolds
  2 elf zombies (Elf:1)
  22 bullfrogs
  2 gnoll sergeants
  3 earth elementals
  6 human skeletons
  2 scorpions
  A wyvern skeleton (D:12)
  A water moccasin skeleton (D:8)
  An elf simulacrum (Vaults:1)
  5 killer bees (D:8)
  9 wights
  6 howler monkeys
  A howler monkey (shapeshifter) (Vaults:2)
  6 electric eels
  5 crimson imps
  2 bullfrog zombies
  6 hounds
  3 jellies
  30 orc priests
  3 iguanas
  33 orc wizards
  14 worker ants
  A hound zombie (D:6)
  3 worker ant zombies
  A howler monkey zombie (D:7)
  17 gnolls
  2 howler monkey skeletons
  9 adders
  2 shadow imps
  2 oozes
  An adder zombie (D:5)
  An adder skeleton (D:8)
  2 worms
  A ball lightning (Zot:1)
  A dart slug (D:1)
  6 leopard geckos
  82 orcs
  5 bats
  4 giant cockroaches
  7 hobgoblins
  10 jackals
  21 kobolds
  A quokka (D:5)
  A ball python (Snake:1)
  7 frilled lizards
  4 goblins
  A leopard gecko skeleton (D:6)
  A quokka zombie (D:6)
  7 rats
  2 crawling corpses (Vaults:2)
  4 fire vortices
  2 fungi (Lair:6)
  23 plants
  A tentacle (Shoals:3)
2152 creatures vanquished.

Vanquished Creatures (collateral kills)
  Tiamat (Zot:4)
  A tentacled monstrosity (Zot:4)
  An acid blob (Slime:5)
  A quicksilver dragon (Zot:2)
  A shadow dragon (Zot:3)
  A draconian stormcaller (Zot:2)
  2 purple draconians (Zot:4)
  A black draconian (Zot:1)
  2 white draconians (Zot:4)
  A moth of wrath (Zot:4)
12 creatures vanquished.

Vanquished Creatures (others)
  2 deep elf master archers (Elf:3)
  2 merfolk javelineers (Shoals:4)
  2 centaur warriors
  A merfolk aquamancer (Shoals:3)
  A naga sharpshooter (Snake:3)
  A deep elf knight (Elf:2)
  A cyclops (Vaults:2)
  2 yaktaurs
  A merfolk (Shoals:4)
  4 dream sheep (Lair:3)
  A slave (D:7)
  3 centaurs
  A bush (Lair:6)
  88 fire vortices
  236 fulminant prisms
  18 fungi
  33 plants
  7 tentacles (Shoals:3)
404 creatures vanquished.

Grand Total: 2568 creatures vanquished

Notes
Turn   | Place    | Note
-------+----------+-------------------------------------------
     0 | D:1      | Megalobster the Deep Elf Conjurer began the quest for the Orb.
     0 | D:1      | Reached XP level 1. HP: 10/10 MP: 6/6
   252 | D:1      | Reached XP level 2. HP: 15/15 MP: 6/8
   293 | D:1      | Learned a level 2 spell: Searing Ray
   643 | D:2      | Found a burning altar of Makhleb.
   650 | D:2      | Reached skill level 5 in Conjurations
   786 | D:2      | Reached XP level 3. HP: 19/19 MP: 5/10
  1616 | D:3      | Learned a level 3 spell: Dazzling Spray
  1703 | D:3      | Noticed darxusza's ghost (amateur MiFi)
  1752 | D:3      | Reached XP level 4. HP: 24/24 MP: 4/12
  1903 | D:3      | Learned a level 4 spell: Iskenderun's Mystic Blast
  2013 | D:3      | Reached skill level 1 in Fighting
  2169 | D:3      | Reached XP level 5. HP: 29/29 MP: 6/13
  2694 | D:4      | Noticed an ogre
  2698 | D:4      | Killed an ogre
  2698 | D:4      | Reached skill level 6 in Conjurations
  2853 | D:4      | Reached XP level 6. HP: 34/34 MP: 10/15
  3037 | D:4      | Found a staircase to the Ecumenical Temple.
  3043 | Temple   | Entered the Ecumenical Temple
  3056 | Temple   | Became a worshipper of Vehumet
  3074 | Temple   | Learned a level 4 spell: Force Lance
  3165 | D:4      | Reached skill level 5 in Spellcasting
  3285 | D:4      | Reached skill level 1 in Hexes
  3387 | D:4      | Noticed Menkaure
  3403 | D:4      | Killed Menkaure
  3793 | D:5      | Entered Level 5 of the Dungeon
  3793 | D:5      | Found a deep blue altar of Sif Muna.
  3813 | D:5      | Reached XP level 7. HP: 40/40 MP: 13/16
  4242 | D:5      | Reached skill level 7 in Conjurations
  4402 | D:5      | Noticed Prince Ribbit
  4990 | D:5      | Noticed Edmund
  5008 | D:5      | Killed Edmund
  5174 | D:5      | Killed Prince Ribbit
  5394 | D:6      | Reached XP level 8. HP: 45/45 MP: 9/18
  5453 | D:6      | Learned a level 4 spell: Fulminant Prism
  5490 | D:6      | Noticed a troll
  5547 | D:6      | Killed a troll
  5547 | D:6      | Reached * piety under Vehumet
  5547 | D:6      | Offered knowledge of Flame Tongue by Vehumet.
  5547 | D:6      | Reached skill level 5 in Dodging
  5547 | D:6      | Reached skill level 8 in Conjurations
  6808 | D:7      | Noticed Joseph
  7091 | D:7      | Noticed Pikel
  7100 | D:7      | Killed Pikel
  7100 | D:7      | Reached skill level 9 in Conjurations
  7100 | D:7      | Reached XP level 9. HP: 25/52 MP: 3/21
  7300 | D:7      | Noticed Laiders's ghost (novice GnWn)
  8110 | D:7      | Reached skill level 5 in Translocations
  8111 | D:7      | Killed Joseph
  8491 | D:7      | Reached ** piety under Vehumet
  8722 | D:6      | Learned a level 3 spell: Conjure Flame
  8908 | D:8      | Offered knowledge of Sandblast by Vehumet.
  8924 | D:8      | Noticed a two-headed ogre
  9069 | D:7      | Killed a two-headed ogre
  9069 | D:7      | Reached skill level 10 in Conjurations
  9319 | D:8      | Reached XP level 10. HP: 58/58 MP: 18/24
  9681 | D:8      | Noticed a two-headed ogre
  9690 | D:8      | Killed a two-headed ogre
 10807 | D:8      | Noticed a two-headed hydra
 10824 | D:8      | Killed a two-headed hydra
 10824 | D:8      | Reached skill level 5 in Fighting
 10824 | D:8      | Reached skill level 11 in Conjurations
 10824 | D:8      | Reached skill level 5 in Fire Magic
 11070 | D:8      | Learned a level 2 spell: Blink
 11101 | D:9      | Offered knowledge of Throw Frost by Vehumet.
 11406 | D:9      | Reached *** piety under Vehumet
 11511 | D:9      | Reached XP level 11. HP: 59/64 MP: 13/26
 11893 | D:9      | Found a staircase to the Lair.
 12221 | D:9      | Found a staircase to the Orcish Mines.
 12391 | Lair:1   | Entered Level 1 of the Lair of Beasts
 12395 | Lair:1   | Offered knowledge of Inner Flame by Vehumet.
 13044 | Lair:1   | Noticed zero's ghost (journeyman GrEE)
 13068 | Lair:1   | HP: 3/64 [zero's ghost/blast of rock fragments (17)]
 13070 | Lair:1   | Killed zero's ghost
 13072 | Lair:1   | HP: 1/64 [poisoned by zero's ghost (sting)]
 13543 | Lair:1   | Reached skill level 10 in Spellcasting
 14167 | Lair:2   | Found a stormy altar of Qazlal.
 14192 | Lair:2   | Reached **** piety under Vehumet
 14192 | Lair:2   | Reached skill level 12 in Conjurations
 14394 | Lair:2   | Got a crude dagger
 14398 | Lair:2   | Identified the +7 dagger of Midwinter {elec, rN+ Int+4 Dex+2 Stlth+} (You found it on level 2 of the Lair of Beasts)
 15688 | Lair:3   | Reached XP level 12. HP: 48/70 MP: 14/28
 16347 | Lair:3   | Found a shimmering altar of Xom.
 17594 | Lair:4   | Found a staircase to the Snake Pit.
 17763 | Lair:4   | Noticed a four-headed hydra
 17768 | Lair:4   | Killed a four-headed hydra
 17787 | Lair:4   | Reached skill level 13 in Conjurations
 18057 | D:9      | Learned a level 1 spell: Summon Butterflies
 18322 | Lair:4   | Reached skill level 10 in Dodging
 18794 | Lair:4   | Offered knowledge of Bolt of Magma by Vehumet.
 19006 | Lair:4   | Found a staircase to the Shoals.
 19496 | Lair:5   | Found a dark tunnel.
 19506 | Volcano  | Entered a volcano
 19822 | Lair:5   | Learned a level 5 spell: Bolt of Magma
 19852 | Lair:5   | Reached skill level 1 in Shields
 19858 | Lair:5   | Reached skill level 1 in Earth Magic
 19858 | Lair:5   | Reached skill level 1 in Armour
 20767 | Lair:5   | Reached XP level 13. HP: 73/76 MP: 23/30
 20845 | Lair:5   | Got a pair of dazzling gloves
 20856 | Lair:5   | Identified the +0 pair of gloves "Jatri Jack" {rN+ MR- Str+2 SInv} (You found it on level 5 of the Lair of Beasts)
 21689 | Lair:6   | Entered Level 6 of the Lair of Beasts
 22349 | Lair:6   | Noticed Daviar's ghost (journeyman NaTm)
 22749 | Lair:6   | Reached ***** piety under Vehumet
 22786 | Lair:5   | Offered knowledge of Throw Icicle by Vehumet.
 23015 | Lair:6   | Reached skill level 5 in Earth Magic
 23682 | Lair:6   | Reached skill level 1 in Evocations
 24330 | Lair:6   | Killed Daviar's ghost
 24546 | Lair:6   | Found a viscous altar of Jiyva.
 24546 | Lair:6   | Found a staircase to the Slime Pits.
 26047 | Lair:6   | Reached XP level 14. HP: 84/84 MP: 16/31
 26350 | D:10     | Entered Level 10 of the Dungeon
 27324 | Orc:1    | Entered Level 1 of the Orcish Mines
 27325 | Orc:1    | Noticed a stone giant
 27331 | Orc:1    | Killed a stone giant
 27693 | Orc:2    | Entered Level 2 of the Orcish Mines
 27693 | Orc:2    | Noticed Donald
 27698 | Orc:2    | Killed Donald
 27698 | Orc:2    | Reached skill level 10 in Fire Magic
 27857 | Orc:2    | Found a staircase to the Elven Halls.
 27867 | Orc:2    | Noticed tof's ghost (journeyman MiMo)
 28623 | Orc:2    | Killed tof's ghost
 28996 | Orc:2    | Gained mutation: Your body sometimes deteriorates upon taking damage. [a neqoxec]
 29426 | Orc:1    | Found an iron altar of Okawaru.
 30085 | Orc:2    | Found Yvaxuq's Armour Emporium.
 30541 | Orc:2    | Offered knowledge of Iron Shot by Vehumet.
 30556 | Orc:2    | Learned a level 6 spell: Iron Shot
 30679 | Orc:1    | Noticed Erolcha
 30684 | Orc:1    | Killed Erolcha
 30825 | Orc:2    | Found Vughejan's Book Emporium.
 30825 | Orc:2    | Found Iloruav's General Store.
 30825 | Orc:2    | Found Veagipto's Distillery.
 30828 | Orc:2    | Found Wuharet's Gadget Shoppe.
 30852 | Orc:2    | Bought a scroll of remove curse for 48 gold pieces
 30852 | Orc:2    | Bought a scroll of enchant armour for 120 gold pieces
 30855 | Orc:2    | Bought 2 potions of magic for 240 gold pieces
 30859 | Orc:2    | Bought a potion of haste for 150 gold pieces
 30859 | Orc:2    | Bought a potion of agility for 60 gold pieces
 30859 | Orc:2    | Bought a potion of heal wounds for 75 gold pieces
 30862 | Orc:2    | Bought a potion of haste for 160 gold pieces
 30862 | Orc:2    | Bought a potion of haste for 160 gold pieces
 31243 | D:11     | Noticed Fannar
 31346 | D:11     | Killed Fannar
 31681 | D:11     | Reached skill level 14 in Conjurations
 31740 | D:11     | Noticed Nergalle
 31744 | D:11     | Killed Nergalle
 32518 | D:11     | Noticed Harold
 32524 | D:11     | Killed Harold
 34508 | D:13     | Reached skill level 10 in Fighting
 34679 | D:13     | Noticed Rupert
 34688 | D:13     | Killed Rupert
 34688 | D:13     | Reached XP level 15. HP: 92/92 MP: 3/33
 35028 | D:13     | Found a gate to the Vaults.
 36463 | D:14     | Offered knowledge of Poison Arrow by Vehumet.
 37058 | D:14     | Found an iron altar of Okawaru.
 37915 | D:14     | Found an ancient bone altar of Kikubaaqudgha.
 38091 | D:15     | Entered Level 15 of the Dungeon
 39594 | D:15     | Identified a scroll of acquirement
 39839 | D:9      | Lost mutation: Your body sometimes deteriorates upon taking damage. [potion of mutation]
 39839 | D:9      | Gained mutation: You are dopey. (Int -2) [potion of mutation]
 39839 | D:9      | Gained mutation: Armour fits poorly on your strangely shaped body. [potion of mutation]
 39839 | D:9      | Gained mutation: You are resistant to hostile enchantments. (MR+) [potion of mutation]
 39840 | D:9      | Lost mutation: You are dopey. (Int -2) [potion of mutation]
 39840 | D:9      | Lost mutation: Armour fits poorly on your strangely shaped body. [potion of mutation]
 39840 | D:9      | Gained mutation: Armour fits poorly on your strangely shaped body. [potion of mutation]
 39840 | D:9      | Gained mutation: You are clumsy. (Dex -2) [potion of mutation]
 39840 | D:9      | Gained mutation: Your natural rate of healing is unusually fast. [potion of mutation]
 39841 | D:9      | Lost mutation: You are clumsy. (Dex -2) [potion of mutation]
 39841 | D:9      | Lost mutation: Armour fits poorly on your strangely shaped body. [potion of mutation]
 39841 | D:9      | Gained mutation: Your muscles are strong. (Str +2) [potion of mutation]
 39841 | D:9      | Gained mutation: You heal very quickly. [potion of mutation]
 39927 | Shoals:1 | Entered Level 1 of the Shoals
 40102 | Lair:4   | Upgraded the game from 0.21-a0-509-gecc5317 to 0.21-a0-513-gdcb3f5e
 40399 | Elf:1    | Entered Level 1 of the Elven Halls
 41040 | Elf:1    | Noticed a deep elf sorcerer
 41048 | Elf:1    | Killed a deep elf sorcerer
 41051 | Elf:1    | Offered knowledge of Venom Bolt by Vehumet.
 41252 | Elf:1    | Reached skill level 15 in Conjurations
 41290 | Elf:1    | Reached skill level 5 in Shields
 41798 | Elf:1    | Reached skill level 5 in Armour
 41805 | Elf:1    | Identified the Disquisition on Evil
 42147 | Elf:2    | Reached XP level 16. HP: 70/100 MP: 16/34
 42254 | Elf:2    | Noticed Asterion
 42263 | Elf:2    | Killed Asterion
 43388 | Elf:2    | Got a faintly glowing trident {protect}
 43399 | Elf:2    | Identified the +5 trident of World's End {protect, rN+ Str-3 SInv} (You took it off a deep elf mage on level 2 of the Elven Halls)
 43786 | Elf:2    | Found a runed gate.
 43786 | Elf:2    | Found a runed gate.
 43786 | Elf:2    | Found a runed gate.
 45005 | Elf:2    | Reached skill level 10 in Earth Magic
 46368 | Elf:3    | Entered Level 3 of the Elven Halls
 46833 | Elf:3    | Noticed a deep elf master archer
 46836 | Elf:3    | Killed a deep elf master archer
 47033 | Elf:3    | Reached XP level 17. HP: 107/107 MP: 7/36
 47034 | Elf:3    | Noticed a deep elf master archer
 47158 | Elf:3    | Killed a deep elf master archer
 47443 | Elf:3    | Got a slimy robe
 47542 | Elf:3    | Got an iridescent mace {crush}
 47697 | D:9      | Identified the cursed +0 mace of the Queen {crush, rC++ Str+4} (You took it off a deep elf annihilator on level 3 of the Elven Halls)
 47709 | D:9      | Identified the +3 robe of Mituunt {rC+ SInv} (You took it off a deep elf sorcerer on level 3 of the Elven Halls)
 48068 | Elf:3    | Offered knowledge of Bolt of Fire by Vehumet.
 48079 | Elf:2    | Learned a level 6 spell: Bolt of Fire
 48178 | Elf:3    | Reached skill level 15 in Dodging
 48958 | Elf:3    | Noticed a Brimstone Fiend
 49102 | Elf:3    | Noticed a Hell Sentinel
 49402 | Elf:3    | Noticed a deep elf blademaster
 49448 | Elf:3    | Killed a deep elf blademaster
 49448 | Elf:3    | Reached skill level 16 in Conjurations
 49603 | Elf:3    | Noticed a deep elf master archer
 49608 | Elf:3    | Killed a deep elf master archer
 49880 | Elf:3    | Got a fine lead ring
 49969 | Elf:3    | Noticed a deep elf blademaster
 50130 | Elf:3    | Killed a deep elf blademaster
 50283 | Elf:3    | Got a twitching bronze ring
 50494 | Elf:3    | Noticed a deep elf blademaster
 50509 | Elf:3    | Killed a deep elf blademaster
 50608 | Elf:3    | Identified the ring of Kiefon {Ice Dex+3} (You took it off a deep elf demonologist on level 3 of the Elven Halls)
 50609 | Elf:3    | Identified the ring of Yssa {rCorr rN+ SInv} (You took it off a deep elf high priest on level 3 of the Elven Halls)
 51116 | Elf:3    | Got a warped arbalest
 51117 | Elf:3    | Identified the +5 arbalest of a bailey {velocity, rF+} (You found it on level 3 of the Elven Halls)
 51156 | Elf:3    | Got a twitching glass ring
 51161 | Elf:3    | Identified the ring "Nuraczag" {rC- rN+++ MR+ Dex+4} (You took it off a deep elf annihilator on level 3 of the Elven Halls)
 51832 | Shoals:1 | Reached skill level 5 in Evocations
 53531 | Shoals:2 | Reached XP level 18. HP: 82/113 MP: 8/38
 54415 | Shoals:2 | Got a pitted buckler
 54431 | Shoals:2 | Identified the cursed +0 buckler of Filth {rElec rC- Str+6} (You found it on level 2 of the Shoals)
 54895 | Shoals:2 | Noticed Polyphemus
 54904 | Shoals:2 | Killed Polyphemus
 55141 | Shoals:3 | Offered knowledge of Conjure Ball Lightning by Vehumet.
 55444 | Shoals:3 | Noticed Roxanne
 55684 | Shoals:3 | Learned a level 5 spell: Fireball
 56523 | Shoals:3 | Killed Roxanne
 56572 | Shoals:3 | Identified Roxanne's Volume of Moulding (You took it off Roxanne on level 3 of the Shoals)
 56656 | Shoals:4 | Entered Level 4 of the Shoals
 57226 | Snake:1  | Entered Level 1 of the Snake Pit
 57745 | Snake:1  | Reached skill level 15 in Spellcasting
 61618 | Snake:3  | Offered knowledge of Orb of Destruction by Vehumet.
 62011 | D:9      | Learned a level 7 spell: Orb of Destruction
 63083 | Snake:4  | Entered Level 4 of the Snake Pit
 63083 | Snake:4  | Found Jikhoury's Assorted Antiques.
 63090 | Snake:4  | Bought an emerald ring for 215 gold pieces
 63126 | Snake:4  | Found Ashrunn's Antique Armour Shop.
 63133 | Snake:4  | Bought a heavily runed cloak for 209 gold pieces
 63143 | Snake:4  | Identified the +3 cloak of Experimentation {+Fly rPois rF+++ Slay-3} (You bought it in a shop on level 4 of the Snake Pit)
 63149 | Snake:4  | Bought a warped ring mail for 198 gold pieces
 63159 | Snake:4  | Identified the cursed +1 ring mail of Dithmenos's Delight {+Blink rElec rPois rF- Str-4} (You bought it in a shop on level 4 of the Snake Pit)
 63739 | Snake:4  | Reached XP level 19. HP: 119/119 MP: 28/40
 63914 | Snake:4  | Found Tiateytt's Magic Scroll Emporium.
 63944 | Snake:4  | Bought a scroll of teleportation for 57 gold pieces
 63944 | Snake:4  | Bought a scroll of teleportation for 57 gold pieces
 63944 | Snake:4  | Bought a scroll of fear for 66 gold pieces
 63944 | Snake:4  | Bought a scroll of teleportation for 57 gold pieces
 63983 | Snake:4  | Found Agecimumo's Armour Shop.
 63987 | Snake:4  | Found Ampuaca's Distillery.
 64146 | Snake:4  | Found Comea's Armour Shoppe.
 64414 | Snake:4  | Reached skill level 17 in Conjurations
 65569 | Snake:4  | Got a serpentine rune of Zot
 65619 | Snake:4  | Found Estie's Magic Scroll Shoppe.
 65626 | Snake:4  | Bought a scroll of teleportation for 39 gold pieces
 65626 | Snake:4  | Bought a scroll of fear for 45 gold pieces
 65626 | Snake:4  | Bought a scroll of acquirement for 676 gold pieces
 65626 | Snake:4  | Bought a scroll of teleportation for 39 gold pieces
 68697 | Shoals:4 | Noticed Ilsuiw
 69401 | Shoals:4 | Killed Ilsuiw
 69703 | Shoals:4 | Got a pitted rapier {flame}
 69778 | Shoals:4 | Got a barnacled rune of Zot
 70392 | D:9      | Identified the cursed +0 rapier of Turmoil {flame, rElec} (You took it off a merfolk javelineer on level 4 of the Shoals)
 70498 | Vaults:1 | Entered Level 1 of the Vaults
 70707 | Vaults:1 | Reached skill level 15 in Fire Magic
 71454 | Vaults:1 | Found Hym Icee's Weapon Emporium.
 71653 | Vaults:1 | Found Ege Xed's Antique Weapon Shop.
 72463 | Vaults:1 | Reached XP level 20. HP: 124/124 MP: 5/43
 73097 | Vaults:1 | Reached skill level 5 in Stealth
 75216 | Vaults:2 | Reached ****** piety under Vehumet
 75372 | Vaults:2 | Offered knowledge of Lehudib's Crystal Spear by Vehumet.
 75372 | Vaults:2 | Offered knowledge of Fire Storm by Vehumet.
 75372 | Vaults:2 | Offered knowledge of Ignition by Vehumet.
 75682 | D:9      | Learned a level 8 spell: Ignition
 76686 | Vaults:2 | Reached skill level 18 in Conjurations
 77780 | Vaults:2 | Found a staircase to the Crypt.
 79149 | Vaults:3 | Reached skill level 10 in Shields
 81604 | Vaults:3 | Reached XP level 21. HP: 130/130 MP: 42/45
 83541 | Vaults:4 | Found Duxteapp's Weapon Shop.
 84880 | D:15     | Found a staircase to the Depths.
 84954 | Depths:1 | Entered Level 1 of the Depths
 85607 | Snake:4  | Bought a scroll of enchant armour for 142 gold pieces
 86272 | Depths:1 | Found a glowing silver altar of Zin.
 86626 | Depths:1 | Found a gateway to Hell.
 87641 | Depths:1 | Identified the Catalogue of Malediction
 88230 | Depths:2 | Found a corrupted altar of Lugonu.
 88230 | Depths:2 | Found a one-way gate to the infinite horrors of the Abyss.
 90623 | Depths:2 | Reached XP level 22. HP: 136/136 MP: 26/46
 91670 | Depths:3 | Found a one-way gate leading to the halls of Pandemonium.
 92136 | Depths:3 | Got a fine platinum amulet
 92137 | Depths:3 | Identified the amulet of Hyxzoow {Harm *Corrode *Drain rN+ Str+3 Dex+4} (You took it off a frost giant on level 3 of the Depths)
 92361 | Depths:3 | Noticed Sojobo
 92365 | Depths:3 | Killed Sojobo
 92629 | Depths:3 | Found a deep blue altar of Sif Muna.
 92633 | Depths:3 | Noticed an ancient lich
 92646 | Depths:3 | Killed an ancient lich
 92757 | Depths:3 | Noticed a caustic shrike
 92987 | Depths:3 | Killed a caustic shrike
 93166 | Depths:3 | Found a radiant altar of Vehumet.
 93173 | Depths:3 | Got a spiked leather armour
 93174 | Depths:3 | Identified the cursed +0 leather armour of Eternal Night {rPois Dex+7} (You found it on level 3 of the Depths)
 93563 | Depths:3 | Found a gateway to a ziggurat.
 94242 | Depths:4 | Reached skill level 19 in Conjurations
 94255 | Depths:4 | Learned a level 9 spell: Fire Storm
 94357 | Depths:4 | Found a flickering gateway to a bazaar.
 94376 | Bazaar   | Entered a bazaar
 94376 | Bazaar   | Found Amaickut's Antique Armour Shop.
 94376 | Bazaar   | Found Wedenwusko's Antique Weapon Shop.
 94411 | Bazaar   | Found Juitowk's Distillery.
 94419 | Bazaar   | Bought a potion of lignification for 30 gold pieces
 94419 | Bazaar   | Bought a potion of ambrosia for 80 gold pieces
 94419 | Bazaar   | Bought a potion of heal wounds for 50 gold pieces
 94419 | Bazaar   | Bought a potion of heal wounds for 50 gold pieces
 94432 | Bazaar   | Bought a translucent demon trident for 420 gold pieces
 94432 | Bazaar   | Bought an encrusted scimitar for 189 gold pieces
 94432 | Bazaar   | Identified the cursed +1 demon trident of Dishonour {flame, rN+} (You bought it in a shop in a bazaar)
 94433 | Bazaar   | Identified the +5 scimitar of the Turnip {slice, +Inv rC+ Int-2 Dex+3} (You bought it in a shop in a bazaar)
 94477 | Depths:4 | Got an uncursed transparent flail {crush}
 94478 | Depths:4 | Identified the +4 flail "Arbiter" {crush, rElec rC+ Int-4 Dex+3} (You took it off a yaktaur on level 4 of the Depths)
 96527 | Depths:4 | Found a runed gate.
 96527 | Depths:4 | Found a runed gate.
 96527 | Depths:4 | Found a runed gate.
 96528 | Depths:4 | Found the +2 Maxwell's thermic engine {flame, freeze, rF- rC-}
 96528 | Depths:4 | Found a runed gate.
 96528 | Depths:4 | Found a runed gate.
 96528 | Depths:4 | Found a runed gate.
 96961 | Depths:5 | Entered Level 5 of the Depths
 97144 | Depths:5 | Reached XP level 23. HP: 142/142 MP: 13/48
 98628 | Depths:5 | Noticed a juggernaut
 99525 | Depths:5 | Killed a juggernaut
100606 | Depths:5 | Found a runed door.
100618 | Depths:5 | Found a runed door.
100628 | Depths:5 | Found a runed door.
100629 | Depths:5 | Found a runed door.
100641 | Depths:5 | Found a runed door.
100965 | Depths:5 | Found a gate to the Realm of Zot.
101078 | Depths:5 | Found a runed door.
101564 | D:9      | Learned a level 8 spell: Lehudib's Crystal Spear
101666 | Slime:1  | Entered Level 1 of the Pits of Slime
102153 | Slime:1  | Reached skill level 20 in Conjurations
102376 | Slime:3  | Gained mutation: You have a somewhat thin skeletal structure. (Dex +2, Stealth) [a shining eye]
102379 | Slime:3  | Gained mutation: Scrolls take you a little longer to read. [a shining eye]
102595 | Slime:3  | Lost mutation: Your muscles are strong. (Str +2) [a shining eye]
102597 | Slime:3  | Gained mutation: You are weak. (Str -2) [a shining eye]
103112 | Slime:4  | Reached XP level 24. HP: 115/148 MP: 9/48
103556 | Slime:3  | Gained mutation: Scrolls take you longer to read. [a shining eye]
103557 | Slime:3  | Gained mutation: You are dopey. (Int -2) [a shining eye]
104273 | Slime:5  | Entered Level 5 of the Pits of Slime
104921 | Slime:5  | Noticed the Royal Jelly
104927 | Slime:5  | Killed the Royal Jelly
104927 | Slime:5  | Reached skill level 21 in Conjurations
105699 | Slime:5  | Gained mutation: You tend to lose your temper in combat. [a shining eye]
106063 | Slime:5  | Got a wavering bone ring
106067 | Slime:5  | Got a slimy rune of Zot
106134 | Slime:5  | Got a wizard robe
106152 | Slime:5  | Identified the +1 robe "Giod" {Stlth+} (You found it on level 5 of the Pits of Slime)
106154 | Slime:5  | Identified the ring of False Pretenses {rPois Int+4} (You found it on level 5 of the Pits of Slime)
106175 | Slime:5  | Got a transparent ivory ring
106182 | Slime:5  | Identified the ring "Etsigalu" {Wiz rPois MR+ Int+4 Dex-4} (You found it on level 5 of the Pits of Slime)
106191 | Slime:5  | Got a smoking hand crossbow
106198 | Slime:5  | Got an ichor-stained scale mail
106201 | Slime:5  | Identified the +10 hand crossbow of Wocziank {speed, rC+ Str+4 Int-3 SInv} (You found it on level 5 of the Pits of Slime)
106203 | Slime:5  | Identified the +1 scale mail of Ijeemm {MR+} (You found it on level 5 of the Pits of Slime)
106374 | D:9      | Lost mutation: You are weak. (Str -2) [potion of mutation]
106374 | D:9      | Lost mutation: You are dopey. (Int -2) [potion of mutation]
106374 | D:9      | Lost mutation: You are resistant to hostile enchantments. (MR+) [potion of mutation]
106374 | D:9      | Lost mutation: You have a somewhat thin skeletal structure. (Dex +2, Stealth) [potion of mutation]
106374 | D:9      | Gained mutation: Your body sometimes deteriorates upon taking damage. [potion of mutation]
106374 | D:9      | Gained mutation: Your movements are slightly less encumbered by armour. (ER -2) [potion of mutation]
106374 | D:9      | Gained mutation: You are resistant to hostile enchantments. (MR+) [potion of mutation]
106375 | D:9      | Lost mutation: Scrolls take you longer to read. [potion of mutation]
106375 | D:9      | Lost mutation: You are resistant to hostile enchantments. (MR+) [potion of mutation]
106375 | D:9      | Lost mutation: Scrolls take you a little longer to read. [potion of mutation]
106375 | D:9      | Lost mutation: You heal very quickly. [potion of mutation]
106375 | D:9      | Gained mutation: Your flesh is heat resistant. (rF+) [potion of mutation]
106375 | D:9      | Gained mutation: Your system is resistant to poisons. (rPois) [potion of mutation]
106375 | D:9      | Gained mutation: Your movements are less encumbered by armour. (ER -4) [potion of mutation]
106376 | D:9      | Lost mutation: You tend to lose your temper in combat. [potion of mutation]
106376 | D:9      | Lost mutation: Your system is resistant to poisons. (rPois) [potion of mutation]
106376 | D:9      | Lost mutation: Your natural rate of healing is unusually fast. [potion of mutation]
106376 | D:9      | Gained mutation: You are robust. (+10% HP) [potion of mutation]
106662 | Zot:1    | Entered Level 1 of the Realm of Zot
106692 | Zot:1    | Found the cursed necklace of Bloodlust {*Rage +Rage MR++ Int-3 Slay+6 *Curse}
107635 | Zot:1    | Noticed an orb of fire
107654 | Zot:1    | Gained mutation: Your magical capacity is low. (-10% MP) [an orb of fire]
107977 | Zot:1    | Killed an orb of fire
108567 | Zot:1    | Reached skill level 10 in Armour
108693 | Zot:1    | Got a clouded glass ring
108696 | Zot:1    | Identified the ring "Nadew" {rElec rF- rN+ MR+ SInv} (You found it on level 1 of the Realm of Zot)
109727 | Zot:2    | Reached XP level 25. HP: 89/169 MP: 10/44
112179 | Zot:2    | Noticed an ancient lich
112183 | Zot:2    | Killed an ancient lich
112186 | Zot:2    | Reached skill level 22 in Conjurations
114578 | Zot:3    | Reached skill level 15 in Fighting
115465 | Zot:4    | Noticed Tiamat
115698 | Zot:4    | Reached XP level 26. HP: 61/176 MP: 9/44
116410 | Zot:4    | Killed Tiamat
117991 | Zot:5    | Entered Level 5 of the Realm of Zot
118397 | D:9      | Learned a level 4 spell: Cause Fear
119511 | Zot:5    | Noticed an orb of fire
119512 | Zot:5    | Gained mutation: You are dopey. (Int -2) [an orb of fire]
119515 | Zot:5    | Noticed an orb of fire
119517 | Zot:5    | Lost mutation: You are robust. (+10% HP) [an orb of fire]
119530 | Zot:5    | Gained mutation: Armour fits poorly on your strangely shaped body. [an orb of fire]
119531 | Zot:5    | Gained mutation: Your spells are a little easier to cast, but a little less powerful. [an orb of fire]
119837 | Zot:5    | Gained mutation: You occasionally shout uncontrollably at your foes. [an orb of fire]
119843 | Zot:4    | Killed an orb of fire
119988 | Zot:4    | Killed an orb of fire
120097 | Zot:5    | Noticed an ancient lich
120097 | Zot:5    | Noticed an ancient lich
120103 | Zot:5    | Killed an ancient lich
120104 | Zot:5    | Killed an ancient lich
120358 | Zot:5    | Noticed an ancient lich
120371 | Zot:5    | Noticed an orb of fire
120371 | Zot:5    | Noticed an orb of fire
120371 | Zot:5    | Noticed an orb of fire
120373 | Zot:5    | Gained mutation: Scrolls take you a little longer to read. [an orb of fire]
120378 | Zot:5    | Slain by an Orb Guardian

Vault maps used:
D:1:      tarquinn_simple_flora_water_d
D:2:      bloody_makhleb
D:3:      st_stairs_1
D:4:      minmay_temple_entry_overgrown, uniq_menkaure
D:5:      lemuel_crystal_altar, first_bread, uniq_prince_ribbit1, uniq_edmund
D:7:      uniq_joseph, uniq_pikel
D:8:      hangedman_ranch, minivault_24
D:9:      minmay_lair_entry_lava, orc_0_dummy
D:10:     kennysheep_cross_room
D:11:     minmay_pinched_square, uniq_harold, uniq_fannar, uniq_nergalle
D:13:     david_vaults_4, uniq_rupert
D:14:     basic_altar, minivault_23, nicolae_water_bricks,
          hangedman_decor_points, david_defended_altar_elf
D:15:     grunt_enter_depths_hoard
Temple:   nicolae_temple_the_god_donut
Lair:1:   columned_hall_lemuel, grunt_megastairs_2
Lair:2:   basic_altar, wad_woods_river_01
Lair:3:   kb_xom_exploding_sheep, minmay_lair_oklob_chamber, grunt_megastairs_4
Lair:4:   minmay_shoals_entry_centaurs, dummy_snake_entry
Lair:5:   nicolae_volcano_entry_hallway, hangedman_lair_generics_rect,
          lemuel_fruit_fields
Lair:6:   grunt_lair_end_beastmaster, slime_altar_1,
          portal_ice_cave_demonic_guard, grunt_megastairs_5, lemuel_fruit_tree,
          infiniplex_staircase_pool_2, serial_bayou_shore_b
Shoals:2: uniq_polyphemus
Shoals:3: uniq_roxanne
Shoals:4: shoals_end_grunt_ice, shoals_ilsuiw_ice, nicolae_shoals_drake_roost
Snake:1:  grunt_ministairs_1, minmay_snake_pond
Snake:2:  serial_bayou_pond_d
Snake:4:  snake_pit, serial_shops, shop, shop_fountains, nicolae_shop_stone,
          nicolae_shop_waterfront, shop, minmay_shop_star
Slime:4:  cheibrodos_slime_lost_civilization_6
Orc:1:    okawaru_metal_pillars_1_2, uniq_erolcha
Orc:2:    st_orc_mages, serial_shops, shop, uniq_donald
Elf:1:    minmay_elf_arrival_plus, minmay_elf_necromancy,
          nicolae_elf_big_sculpture_2
Elf:2:    minivault_27, uniq_asterion
Elf:3:    minmay_elf_hall_furrowed, st_stairs_13
Vaults:1: st_octagons_1, ontoclasm_vaults_tryst,
          nicolae_vaults_yaktaur_gun_rack, v_misc_13,
          ontoclasm_vaults_decontamination, hangedman_vaults_stretched_pinwheel,
          dpeg_vaults_monster_box, vaults_dpeg_diagonal, vaults_room_grid,
          vaults_dpeg_ring, serial_shops, nicolae_shop_waterfront
Vaults:2: ontoclasm_vaults_ring_large, minmay_crypt_entry_skeletal_spiral,
          grunt_vaults_funnel, vaults_dpeg_doors, ontoclasm_vaults_spin,
          v_alt_pattern_5, v_misc_4, nicolae_vaults_little_squares_2,
          vaults_mumra_hex, serial_shops, bzr_entry_islet
Vaults:3: hangedman_vaults_slice, ontoclasm_vaults_ring_square, v_misc_13,
          vaults_mumra_chevron, hangedman_vaults_maws, v_pattern_5,
          vaults_room_hallway, hangedman_vaults_locks, ontoclasm_vaults_eye,
          vaults_room_stairs_pillars, v_misc_24, vaults_room_fours
Vaults:4: v_alt_pattern_2, nicolae_vaults_circle_grid_a,
          hangedman_vaults_impose, nicolae_vaults_little_ls, v_misc_5,
          vaults_room_pool, v_misc_12, ontoclasm_vaults_ring_small, v_pattern_2,
          serial_shops, nicolae_shop_temple_entry_statues_fountains
Depths:1: hellmouth_1, lemuel_statue_altar, minmay_metal_thing
Depths:2: evilmike_lava_path, hangedman_decor_peaks_small, pf_coc_iceberg,
          abyss_entry_flame_altar, infiniplex_staircase_x
Depths:3: hangedman_cross_cluster, enter_ziggurat_e, abyss_entry,
          lemuel_round_altar, hell_entry, rand_demon_pan_entry_1,
          minmay_staircase_statues, uniq_sojobo
Depths:4: lemuel_flame_loot_2, abyss_entry, hell_entry, pan_entry, serial_shops,
          bzr_entry_dummy, hangedman_decor_growths,
          brannock_guarded_unrand_thermic_engine,
          infiniplex_staircase_split_hallway
Depths:5: evilmike_zot_entry_castle, minmay_misc_feat_square, hell_entry,
          basic_stair_grate_trap
Zot:2:    grunt_deathspiral_small, st_stairs_5, guppyfry_library_mini
Zot:4:    kennysheep_spiral_hall, grunt_ministairs_4, uniq_tiamat
Zot:5:    lemuel_lake_of_fire
Bazaar:   bazaar_jpeg_cross
Volcano:  volcano_overflow

Skill      XL: |  1  2  3  4  5  6  7  8  9 10 11 12 13 14 15 16 17 18 19 20 21 22 23 24 25 26 |
---------------+-------------------------------------------------------------------------------+-----
Conjurations   | 5 6 7 9 10 11 12 13 14 15 16 17 18 19 20 21 22 | 22.9
Spellcasting   | 4 5 7 8 9 10 11 12 13 14 15 17 18 19 20 | 20.9
Fighting       | 1 2 3 4 5 6 7 8 10 11 12 13 14 15 | 15.3
Dodging        | 3 4 6 8 9 10 12 13 14 15 16 17 18 19 20 21 | 21.5
Hexes          | 2 4 |  4.3
Translocations | 4 5 |  5.5
Fire Magic     | 2 5 8 9 10 11 12 13 14 15 16 18 19 20 21 | 21.9
Shields        | 1 3 4 5 6 7 8 9 10 12 13 14 | 14.0
Earth Magic    | 2 6 7 9 10 11 12 | 12.9
Armour         | 1 3 4 5 6 7 8 9 10 11 | 11.2
Evocations     | 3 4 6 7 |  7.1
Stealth        | 4 5 |  5.3

Action                   |  1- 3 |  4- 6 |  7- 9 | 10-12 | 13-15 | 16-18 | 19-21 | 22-24 | 25-27 || total
-------------------------+-------+-------+-------+-------+-------+-------+-------+-------+-------++-------
Melee: Dagger            |       |       |     9 |    26 |     5 |    16 |       |       |       ||    56
       Staff             |       |       |       |     7 |    12 |     8 |       |       |       ||    27
       Mace              |       |       |       |       |       |     5 |     8 |     4 |     5 ||    22
 Cast: Magic Dart        |    73 |    28 |    95 |   112 |    19 |       |       |       |       ||   327
       Searing Ray       |     4 |    13 |    52 |    88 |    30 |     2 |       |       |       ||   189
       Iskenderun's Myst |       |       |    29 |    64 |   240 |   113 |    21 |       |       ||   467
       Dazzling Spray    |       |       |     6 |     3 |    11 |       |       |       |       ||    20
       Fulminant Prism   |       |       |    11 |    44 |    99 |    68 |    14 |       |       ||   236
       Force Lance       |       |       |    11 |    57 |    91 |    41 |    76 |    28 |    17 ||   321
       Conjure Flame     |       |       |       |    12 |    19 |    10 |     9 |     2 |       ||    52
       Blink             |       |       |       |     2 |     4 |     4 |     3 |     3 |     3 ||    19
       Bolt of Magma     |       |       |       |       |   230 |   161 |       |       |       ||   391
       Iron Shot         |       |       |       |       |    18 |   171 |   174 |    62 |     1 ||   426
       Bolt of Fire      |       |       |       |       |       |   145 |   355 |   296 |    59 ||   855
       Fireball          |       |       |       |       |       |    19 |    47 |     7 |     1 ||    74
       Orb of Destructio |       |       |       |       |       |     8 |   162 |   144 |    71 ||   385
       Ignition          |       |       |       |       |       |       |    42 |    82 |    29 ||   153
       Lehudib's Crystal |       |       |       |       |       |       |       |    53 |    85 ||   138
       Fire Storm        |       |       |       |       |       |       |       |    16 |    37 ||    53
 Abil: Evoke Flight      |       |       |       |       |       |    11 |     5 |     3 |       ||    19
       Stop Flying       |       |       |       |       |       |       |     6 |     3 |       ||     9
Evoke: Lamp of fire      |       |       |       |       |     1 |     2 |     3 |     3 |     2 ||    11
       Wand              |       |       |       |       |       |     5 |     2 |     4 |     3 ||    14
       Phial of floods   |       |       |       |       |       |       |     3 |     1 |       ||     4
       Fan of gales      |       |       |       |       |       |       |     1 |     2 |       ||     3
       Phantom mirror    |       |       |       |       |       |       |       |       |     1 ||     1
  Use: Scroll            |       |     6 |       |     9 |    21 |    21 |    10 |    18 |     7 ||    92
       Potion            |       |       |       |     6 |    14 |     7 |     8 |     6 |     8 ||    49
 Stab: Sleeping          |       |       |       |     1 |       |       |       |       |       ||     1
  Eat: Chunk             |     2 |     4 |    12 |    46 |    47 |    31 |   118 |    86 |    51 ||   397
       Royal jelly       |       |     2 |       |       |     7 |     4 |     1 |     1 |     1 ||    16
       Bread ration      |       |       |     1 |       |       |     6 |     9 |     5 |     1 ||    22
       Fruit             |       |       |     4 |     4 |     4 |    27 |     8 |     5 |     1 ||    53
       Meat ration       |       |       |       |       |     5 |     7 |     4 |     2 |     2 ||    20
Armor: Robe              |       |       |    11 |    33 |    32 |    32 |    54 |    35 |    41 ||   238
       Skin              |       |       |       |       |     9 |       |    51 |       |       ||    60
Dodge: Dodged            |     4 |    10 |    69 |   163 |   138 |   129 |   313 |   158 |   141 ||  1125
Block: Shield            |       |       |       |    14 |   170 |   121 |   101 |       |       ||   406
       Reflection        |       |       |       |       |    46 |    36 |    46 |     9 |       ||   137
       Buckler           |       |       |       |       |       |    27 |   103 |    71 |    51 ||   252

Table legend:
 A = Spawn XP
 B = Non-spawn XP
 C = Spawn XP percentage of total XP
 D = Spawn monster count
 E = Non-spawn monster count
 F = Spawn count percentage of total count
 G = Total turns spent on level
                    A         B        C        D         E        F      G
               +---------+---------+-------+---------+---------+-------+---------
         Total |       0 | 1462495 |   0.0 |       0 |    2127 |   0.0 | 120378
               +---------+---------+-------+---------+---------+-------+---------
           D:1 |       0 |      24 |   0.0 |       0 |      14 |   0.0 |   643
           D:2 |       0 |      36 |   0.0 |       0 |      15 |   0.0 |  1043
           D:3 |       0 |     158 |   0.0 |       0 |      22 |   0.0 |   974
           D:4 |       0 |     509 |   0.0 |       0 |      14 |   0.0 |  1101
           D:5 |       0 |     693 |   0.0 |       0 |      19 |   0.0 |  1806
           D:6 |       0 |    1127 |   0.0 |       0 |      33 |   0.0 |  2261
           D:7 |       0 |    2765 |   0.0 |       0 |      30 |   0.0 |  1461
           D:8 |       0 |    4498 |   0.0 |       0 |      31 |   0.0 |  1858
           D:9 |       0 |    2041 |   0.0 |       0 |      26 |   0.0 |  2808
          D:10 |       0 |    1528 |   0.0 |       0 |      19 |   0.0 |  1301
          D:11 |       0 |   12692 |   0.0 |       0 |      50 |   0.0 |  2391
          D:12 |       0 |    4877 |   0.0 |       0 |      31 |   0.0 |  1554
          D:13 |       0 |   13589 |   0.0 |       0 |      45 |   0.0 |  2051
          D:14 |       0 |   11214 |   0.0 |       0 |      49 |   0.0 |  2174
          D:15 |       0 |   13033 |   0.0 |       0 |      47 |   0.0 |  1844
        Lair:1 |       0 |    5224 |   0.0 |       0 |      23 |   0.0 |  2019
        Lair:2 |       0 |    3850 |   0.0 |       0 |      17 |   0.0 |  1907
        Lair:3 |       0 |    6655 |   0.0 |       0 |      24 |   0.0 |  2367
        Lair:4 |       0 |    6242 |   0.0 |       0 |      23 |   0.0 |  3297
        Lair:5 |       0 |   10585 |   0.0 |       0 |      43 |   0.0 |  3532
        Lair:6 |       0 |   21744 |   0.0 |       0 |      57 |   0.0 |  2555
      Shoals:1 |       0 |   17324 |   0.0 |       0 |      39 |   0.0 |  2370
      Shoals:2 |       0 |   22091 |   0.0 |       0 |      40 |   0.0 |  1419
      Shoals:3 |       0 |   21717 |   0.0 |       0 |      40 |   0.0 |  3310
      Shoals:4 |       0 |   42118 |   0.0 |       0 |      72 |   0.0 |  2382
       Snake:1 |       0 |   14371 |   0.0 |       0 |      35 |   0.0 |  1706
       Snake:2 |       0 |    5147 |   0.0 |       0 |      13 |   0.0 |  1182
       Snake:3 |       0 |   16297 |   0.0 |       0 |      34 |   0.0 |  2921
       Snake:4 |       0 |   38910 |   0.0 |       0 |      61 |   0.0 |  1920
       Slime:1 |       0 |   21193 |   0.0 |       0 |      40 |   0.0 |   611
       Slime:2 |       0 |   25815 |   0.0 |       0 |      36 |   0.0 |   639
       Slime:3 |       0 |   24618 |   0.0 |       0 |      27 |   0.0 |   913
       Slime:4 |       0 |   17220 |   0.0 |       0 |      29 |   0.0 |  1238
       Slime:5 |       0 |   45507 |   0.0 |       0 |      30 |   0.0 |  1220
         Orc:1 |       0 |    4422 |   0.0 |       0 |      23 |   0.0 |  2004
         Orc:2 |       0 |    9147 |   0.0 |       0 |      51 |   0.0 |  2192
         Elf:1 |       0 |   14106 |   0.0 |       0 |      27 |   0.0 |  3020
         Elf:2 |       0 |   51313 |   0.0 |       0 |      71 |   0.0 |  4235
         Elf:3 |       0 |   68023 |   0.0 |       0 |      63 |   0.0 |  3127
      Vaults:1 |       0 |   46940 |   0.0 |       0 |      72 |   0.0 |  4308
      Vaults:2 |       0 |   59055 |   0.0 |       0 |      91 |   0.0 |  3808
      Vaults:3 |       0 |   35491 |   0.0 |       0 |      61 |   0.0 |  3233
      Vaults:4 |       0 |   35370 |   0.0 |       0 |      41 |   0.0 |  2276
      Depths:1 |       0 |   37338 |   0.0 |       0 |      51 |   0.0 |  2992
      Depths:2 |       0 |   45918 |   0.0 |       0 |      46 |   0.0 |  3129
      Depths:3 |       0 |   82442 |   0.0 |       0 |      66 |   0.0 |  2995
      Depths:4 |       0 |   43695 |   0.0 |       0 |      42 |   0.0 |  2833
      Depths:5 |       0 |   94695 |   0.0 |       0 |      80 |   0.0 |  4546
         Zot:1 |       0 |   61734 |   0.0 |       0 |      35 |   0.0 |  2306
         Zot:2 |       0 |  116751 |   0.0 |       0 |      67 |   0.0 |  4403
         Zot:3 |       0 |   53784 |   0.0 |       0 |      29 |   0.0 |  2374
         Zot:4 |       0 |  105433 |   0.0 |       0 |      55 |   0.0 |  2470
         Zot:5 |       0 |   60284 |   0.0 |       0 |      24 |   0.0 |   923
       Volcano |       0 |    1142 |   0.0 |       0 |       4 |   0.0 |   309
               +---------+---------+-------+---------+---------+-------+---------
